 Dungeon Crawl Stone Soup version 0.27.1-33-g824d729ab1 (webtiles) character file.

Game seed: 14037510502027035855

495 Atelerd the Digger (level 7, -2/41 HPs)
             Began as an Octopode Earth Elementalist on Dec 18, 2021.
             Slain by an iguana (10 damage)
             ... on level 4 of the Dungeon.
             The game lasted 00:09:12 (5181 turns).

Atelerd the Digger (Octopode Earth Elementalist)    Turns: 5181, Time: 00:09:12

Health: -2/41      AC:  1    Str:  7    XL:     7   Next: 15%
Magic:  4/14       EV: 13    Int: 20    God:
Gold:   161        SH:  0    Dex: 12    Spells: 7/15 levels left

rFire    . . .     SeeInvis .   j - +2 dagger (venom)
rCold    . . .     Faith    .   (no shield)
rNeg     . . .     Spirit   .   (helmet restricted)
rPois    .         Reflect  .   (no amulet)
rElec    .         Harm     .   (no ring)
rCorr    .         Rampage  .   (no ring)
Will     .....                  (no ring)
Stlth    +++.......             (no ring)
HPRegen  0.13/turn              (no ring)
MPRegen  0.14/turn              (no ring)
                                (no ring)
                                (no ring)

@: about to teleport
A: almost no armour, amphibious, 8 rings, camouflage 1, gelatinous body 1,
(nimble swimmer 1), tentacles
a: no special abilities


You were on level 4 of the Dungeon.
You visited 1 branch of the dungeon, and saw 4 of its levels.
You also visited: Sewer.

You collected 161 gold pieces.

Inventory:

Hand Weapons
 a - a +0 dagger
 j - a +2 dagger of venom (weapon)
Missiles
 b - 118 stones
Scrolls
 c - a scroll of enchant armour
 g - a scroll of noise
 i - a scroll of vulnerability
 m - a scroll of silence {unknown}
Potions
 e - a potion of cancellation {unknown}
 f - a potion of haste {unknown}
 h - a potion of curing {unknown}
 k - a potion of heal wounds {unknown}


   Skills:
 - Level 2.0 Dodging
 - Level 4.0 Stealth
 + Level 4.7 Spellcasting
 - Level 2.0 Transmutations
 + Level 5.6 Earth Magic


You had 7 spell levels left.
You knew the following spells:

 Your Spells              Type           Power      Damage    Failure   Level
a - Sandblast             Erth           54%        2d13      1%          1
f - Ignite Poison         Fire/Tmut/Pois 7%         N/A       26%         3
p - Petrify               Tmut/Erth      19%        N/A       26%         4

Your spell library contained the following spells:

 Spells                   Type           Power      Damage    Failure   Level
 Passwall                 Tmut/Erth      15%        N/A       3%          2
 Shock                    Conj/Air       16%        1d4       12%         1
 Stone Arrow              Conj/Erth      30%        3d8       12%         3
 Static Discharge         Conj/Air       4%         N/A       19%         2
 Conjure Flame            Conj/Fire      4%         6-21      34%         3
 Ozocubu's Armour         Ice            4%         N/A       34%         3
 Portal Projectile        Hex/Tloc       8%         N/A       34%         3
 Swiftness                Air            4%         N/A       34%         3
 Airstrike                Air            2%         N/A       75%         4
 Dispel Undead            Necr           4%         3d7       75%         4
 Sticky Flame             Conj/Fire      4%         2d3       75%         4
 Blade Hands              Tmut           6%         N/A       82%         5
 Excruciating Wounds      Necr           2%         N/A       97%         5
 Ozocubu's Refrigeration  Ice            2%         4d5       100%        7


Dungeon Overview and Level Annotations

Branches:
Dungeon (4/15)              Sewer (visited)
 Temple: D:4-7

Altars:

Shops:
D:2 (

Annotations:
D:4 Pikel


Innate Abilities, Weirdness & Mutations

You cannot wear most types of armour.
You are amphibious.
You can wear up to eight rings at the same time.
Your skin changes colour to match your surroundings (Stealth+).
Your rubbery body absorbs attacks. (AC +1, EV +1)
((You are camouflaged near water. (Stealth+)))
You have tentacles for arms and can constrict up to eight enemies at once.


Message History

The orc warrior stops moving altogether!
The helpless orc warrior fails to defend itself.
You puncture the orc warrior! You grab the orc warrior.
The orc warrior is lightly wounded.
You constrict the orc warrior, but do no damage.
The helpless orc warrior fails to defend itself.
You puncture the orc warrior!
The orc warrior is moderately wounded.
You constrict the orc warrior, but do no damage.
The helpless orc warrior fails to defend itself.
You puncture the orc warrior!
You squeeze the orc warrior, but do no damage.
The orc warrior is heavily wounded.
You constrict the orc warrior.
The helpless orc warrior fails to defend itself.
You puncture the orc warrior!
The orc warrior is poisoned.
You squeeze the orc warrior.
The orc warrior is severely wounded.
You constrict the orc warrior, but do no damage.
The helpless orc warrior fails to defend itself.
You puncture the orc warrior!
The orc warrior looks as sick as possible!
The orc warrior is almost dead.
You constrict the orc warrior, but do no damage.
Your magical contamination has completely faded away.
You release your grip on the orc warrior.
An iguana comes into view.
The iguana hisses angrily.
You hear a shout!
Casting: Petrify (quite dangerous; 26% risk of failure)
Confirm with . or Enter, or press ? or * to list all spells.
The spell is quite dangerous to cast (26% risk of failure)!
Continue anyway?
Okay, then.
Okay, then.
Unknown command.
As you read the scroll of teleportation, it crumbles to dust.
You feel strangely unstable. The iguana misses you.
Unknown command.
You kill the orc warrior!
The iguana bites you!
You die...

>..........#
#.######..#
#.........# #
#.#######.# . #.#
#.# .# #.# #.#
###.#
#.#######.## #...
#..........#
#######.#
..#######..#
#.l@.)..# ..
####..###.#####<#
#.....<.....#
#.....#
#.##..#.###.#
###.### # #..#.#
.# #..# # # #..#
... #..# #.# #
#..# #o#### #


You could see an iguana.

Vanquished Creatures
  An orc warrior (D:4)
  A black bear (D:4)
  2 bullfrogs (Sewer)
  A hound (D:4)
  An orc wizard (D:4)
  8 adders
  2 worms (D:4)
  4 orcs (D:4)
  13 ball pythons
  6 bats
  16 endoplasms
  16 giant cockroaches
  5 hobgoblins
  14 kobolds
  9 quokkas
  23 frilled lizards
  7 goblins
  11 rats
140 creatures vanquished.

Vanquished Creatures (others)
  4 plants (D:2)
4 creatures vanquished.

Grand Total: 144 creatures vanquished

Notes
Turn   | Place    | Note
-------+----------+-------------------------------------------
     0 | D:1      | Atelerd the Octopode Earth Elementalist began the quest for
                  | the Orb.
     0 | D:1      | Reached XP level 1. HP: 11/11 MP: 3/3
   625 | D:1      | Reached XP level 2. HP: 13/17 MP: 3/5
  1364 | D:1      | Reached XP level 3. HP: 19/21 MP: 4/6
  2228 | D:2      | Found Teczum's Weapon Emporium.
  2578 | D:3      | Reached XP level 4. HP: 27/27 MP: 7/7
  2622 | D:3      | Learned a level 4 spell: Petrify
  3392 | D:4      | Noticed a black bear
  3398 | D:4      | Killed a black bear
  3399 | D:4      | Reached skill level 4 in Earth Magic
  3399 | D:4      | Reached XP level 5. HP: 9/31 MP: 5/10
  3638 | D:4      | Noticed an orc warrior
  3699 | D:4      | Reached XP level 6. HP: 14/36 MP: 5/11
  3741 | D:4      | Found a glowing drain.
  3745 | Sewer    | Entered a sewer
  4084 | Sewer    | Learned a level 3 spell: Ignite Poison
  4327 | Sewer    | Reached skill level 5 in Earth Magic
  4547 | Sewer    | Reached XP level 7. HP: 18/41 MP: 6/14
  4774 | D:4      | Noticed Pikel
  5181 | D:4      | Slain by an iguana

Illustrated notes

Levels and vault maps discovered:
D:1:      dpeg_arrival_more_subterranean_lakeside_camping, layout_basic,
          kennysheep_pointless_box, minmay_domino_2
D:2:      layout_rooms, serial_shops, nicolae_shop_waterfront,
          lexackson_kobold_supper
D:3:      layout_loops_ring
D:4:      black_bear_nest_2, layout_loops_ring, gup_sewer_entry_bowl,
          serial_rivers, chequers_serial_rivers_room_b,
          chequers_serial_rivers_micro_c, chequers_serial_rivers_micro_b,
          chequers_serial_rivers_micro_c, ebering_ghost_disaster_area,
          minmay_ruined_shrine, uniq_pikel

Skill      XL: |  1  2  3  4  5  6 |
---------------+-------------------+-----
Stealth        | 3 4 |  4.0
Transmutations | 2 |  2.0
Spellcasting   | 3 4 |  4.7
Earth Magic    | 4 5 |  5.6
Dodging        | |  2.0

Action                   |  1- 3 |  4- 6 |  7- 9 || total
-------------------------+-------+-------+-------++-------
Melee: Unarmed           |    21 |       |       ||    21
       Constrict         |    25 |    13 |     3 ||    41
       Tentacles         |     8 |     6 |     3 ||    17
       Dagger            |    62 |    63 |    10 ||   135
 Cast: Sandblast         |    25 |    68 |    10 ||   103
       Petrify           |       |       |     4 ||     4
  Use: Scroll            |       |     4 |     3 ||     7
 Stab: Sleeping          |     9 |    11 |       ||    20
       Distracted        |     1 |       |       ||     1
       Petrified         |       |       |     5 ||     5
Armor: Skin              |    10 |     7 |       ||    17
Dodge: Dodged            |    56 |    76 |    19 ||   151
